 Dungeon Crawl Stone Soup version 0.28-a0-413-gde365fb1df (webtiles) character file.

Game seed: 17493042318671568544

373 Zenkrye the Insei (level 7, 0/73 HPs)
             Began as a Djinni Transmuter on Sept 7, 2021.
             Was a Believer of Dithmenos.
             Slain by an iguana (4 damage)
             ... on level 4 of the Dungeon.
             The game lasted 00:11:16 (5222 turns).

Zenkrye the Insei (Djinni Transmuter)               Turns: 5222, Time: 00:11:16

Health: 0/73       AC: 23    Str:  9    XL:     7   Next: 2%
Gold:   172        EV:  2    Int: 16    God:    Dithmenos [**....] SH:  0 Dex: 14

rFire   x . .      SeeInvis .     - Unarmed
rCold   + . .      Faith    .   (no shield)
rNeg    + + +      Spirit   .   (armour currently unavailable)
rPois   ∞          Reflect  .   (helmet currently unavailable)
rElec   .          Harm     .   (cloak currently unavailable)
rCorr   .          Rampage  .   (gloves currently unavailable)
Will    .....      NoTele   +   (boots unavailable)
Stlth   ++........              (no amulet)
HPRegen 0.22/turn               w - ring of wizardry
MPRegen 0.00/turn               c - ring of ice

@: tree-form, very slightly contaminated, wreathed by umbra, invisible
A: stationary, stasis, torment immunity, boosted hp, sickness immunity, (fire
resistance 2), (cold vulnerability 1), float, innate caster, hp casting, extra
vitality 1
a: Renounce Religion, Shadow Step


You were on level 4 of the Dungeon.
You worshipped Dithmenos.
Dithmenos was pleased with you.
You were a tree.
You visited 1 branch of the dungeon, and saw 5 of its levels.

You collected 172 gold pieces.

Inventory:

Hand Weapons
 b - a +0 hunting sling {@w2}
Missiles
 j - 28 sling bullets
 r - 59 stones
Armour
 a - a +0 robe (melded)
 p - a +0 pair of gloves (melded)
Jewellery
 c - a ring of ice (right branch)
 n - a ring of positive energy
 w - a ring of wizardry (left branch)
Scrolls
 d - 2 scrolls of vulnerability {unknown}
 e - 4 scrolls of identify {unknown}
 f - 2 scrolls of fog {unknown}
 h - 2 scrolls of amnesia {unknown}
 k - 2 scrolls of teleportation {unknown}
 l - 2 scrolls of acquirement {unknown}
 m - 4 scrolls of immolation {unknown}
 o - 2 scrolls of brand weapon {unknown}
 s - a scroll of magic mapping {unknown}
 u - a scroll of noise {unknown}


   Skills:
 + Level 2.9 Fighting
 + Level 3.8 Dodging
 + Level 4.7 Unarmed Combat
 + Level 3.1 Spellcasting


You couldn't memorise any spells.
You knew the following spells:

 Your Spells              Type           Power      Damage    Failure   Level
a - Beastly Appendage     Tmut           24%        N/A       1%          1
b - Wereblood             Tmut           12%        N/A       3%          2
c - Spider Form           Tmut/Pois      6%         N/A       6%          3
d - Ice Form              Ice/Tmut       18%        N/A       21%         4
e - Corpse Rot            Necr/Air       N/A        N/A       3%          2
f - Static Discharge      Conj/Air       12%        N/A       3%          2
v - Animate Skeleton      Necr           24%        N/A       1%          1
Your spell library was empty.

Dungeon Overview and Level Annotations

Branches:
Dungeon (5/15)             Temple (0/1) D:4

Altars:
Dithmenos


Innate Abilities, Weirdness & Mutations

You are a tree.
Your roots penetrate the ground, keeping you stationary.
You cannot be teleported.
You are immune to unholy pain and torment.
Your maximum health is greatly increased.
Your equipment is partially melded.
You are immune to sickness and miasma.
You are immune to poison.
((Your flesh is very heat resistant. (rF++)))
((You are vulnerable to cold. (rC-)))
You float through the air rather than walking.
You learn spells naturally, not from books.
Your magical power is your life essence.
You have superior vitality. (+4 HP)


Message History

You fade into invisibility!
The orc misses you.
You are very lightly contaminated with residual magic.
It was a potion of flight.
You feel more buoyant. The orc misses you.
It was a potion of magic.
Magic washes over you without effect. The orc completely misses you.
It was a potion of lignification.
Your transformation has ended.
Your +0 hunting sling {@w2} unmelds from your body.
Your +0 pair of gloves unmelds from your body.
Your +0 robe unmelds from your body.
You turn into a tree.
Your +0 pair of gloves melds into your body.
Your +0 robe melds into your body.
Your roots penetrate the ground.
The orc hits you but does no damage.
Really attack while wielding your +0 hunting sling {@w2}?
Okay, then.
Unknown command.
You are now empty-handed.
You barely miss the orc. The orc hits you but does no damage.
You catch the helpless orc completely off-guard!
You hit the orc.
The orc is moderately wounded.
The orc hits you with a +0 flail.
* * * LOW HITPOINT WARNING * * *
You hit the orc.
The orc is almost dead.
The orc hits you but does no damage.
You smack the orc!
You kill the orc!
Dithmenos accepts your kill.
You hit the iguana.
The iguana is moderately wounded.
The iguana bites you.
* * * LOW HITPOINT WARNING * * *
You smack the iguana!
The iguana is almost dead.
The iguana bites you.
You die...

.......#.#..########...#.#.#
.......#.#..# #......#.#.#
'#.#...#.#..# #.####.#.#.#
.#.#..÷#.#..#####.# #.#.#.#
.#................# #.#.#.#
.#######.#..####### #.#.#.#
.#.......#..# #.#.#.#
.#..........##########.#.#.#
.#########.#...l♣).....#.#.#
...........#.###########.#.#
############.# #......#.#
.............# #.######.#
###################........#
########...............#####
.........###############
##########


You could see an iguana.

Vanquished Creatures
  2 phantoms (D:4)
  A hound (D:4)
  A jelly (D:4)
  2 orc wizards
  3 adders
  A worm (D:2)
  4 dart slugs
  7 orcs
  7 ball pythons
  3 bats
  8 endoplasms
  3 giant cockroaches
  6 goblins
  3 hobgoblins
  2 jackals (D:3)
  5 kobolds
  3 quokkas (D:3)
  2 frilled lizards
  4 rats
67 creatures vanquished.

Notes
Turn   | Place    | Note
-------+----------+-------------------------------------------
     0 | D:1      | Zenkrye the Djinni Transmuter began the quest for the Orb.
     0 | D:1      | Reached XP level 1. HP: 17/17 MP: 0/0
   889 | D:2      | Reached XP level 2. HP: 22/22 MP: 0/0
  1453 | D:2      | Found a faded altar of an unknown god.
  1501 | D:2      | Became a worshipper of Dithmenos the Shadowed
  1501 | D:2      | Reached * piety under Dithmenos
  1656 | D:2      | Reached XP level 3. HP: 27/27 MP: 0/0
  1656 | D:2      | Learned a level 1 spell: Animate Skeleton
  2515 | D:3      | Reached XP level 4. HP: 28/32 MP: 0/0
  2524 | D:3      | Reached ** piety under Dithmenos
  3424 | D:3      | Reached skill level 4 in Unarmed Combat
  3757 | D:4      | Reached XP level 5. HP: 32/38 MP: 0/0
  3757 | D:4      | Learned a level 2 spell: Corpse Rot
  4127 | D:4      | Noticed a phantom
  4158 | D:4      | Killed a phantom
  4159 | D:4      | Reached XP level 6. HP: 31/43 MP: 0/0
  5009 | D:4      | Found a staircase to the Ecumenical Temple.
  5195 | D:5      | Entered Level 5 of the Dungeon
  5212 | D:4      | Reached XP level 7. HP: 9/49 MP: 0/0
  5212 | D:4      | Learned a level 2 spell: Static Discharge
  5222 | D:4      | Slain by an iguana

Illustrated notes

Levels and vault maps discovered:
D:1:      amcnicky_arrival_feature_with_door, layout_loops_cross
D:2:      layout_basic, ebering_ecumenical_altar_hall
D:3:      minmay_bubble_buster, layout_basic
D:4:      layout_basic, minmay_temple_entry_nine_rooms
D:5:      layout_basic, general_overflow_altar, gammafunk_ghost_icy,
          item_on_display_a, uniq_grinder

Skill      XL: |  1  2  3  4  5  6 |
---------------+-------------------+-----
Spellcasting   | 2 3 |  3.1
Unarmed Combat | 4 |  4.7
Fighting       | 2 |  2.9
Dodging        | 3 |  3.8

Action                   |  1- 3 |  4- 6 |  7- 9 || total
-------------------------+-------+-------+-------++-------
Melee: Unarmed           |    59 |    64 |     6 ||   129
       Headbutt          |     3 |       |       ||     3
 Fire: Hunting sling     |    45 |    66 |       ||   111
 Cast: Beastly Appendage |     8 |       |       ||     8
       Spider Form       |     4 |    11 |       ||    15
       Ice Form          |       |     3 |       ||     3
  Use: Potion            |       |       |     4 ||     4
 Stab: Sleeping          |       |     1 |       ||     1
       Invisible         |       |       |     1 ||     1
Armor: Robe              |    15 |     4 |       ||    19
       Skin              |     2 |     6 |     3 ||    11
Dodge: Dodged            |    41 |    50 |     3 ||    94

Table legend: (Time is in decaauts)
 A = Elapsed time spent in this place.
 B = Non-inter-level travel time spent in this place.
 C = Inter-level travel time spent in this place.
 D = Time resting spent in this place.
 E = Time spent auto-exploring this place.
 F = Levels seen in this place.
 G = Mean time per level.
                   A        B        C        D        E       F      G
               +--------+--------+--------+--------+--------+-----+--------+
         Total |   5228 |   5127 |    101 |    274 |   4249 |   5 | 1045.6 |
       Dungeon |   5228 |   5127 |    101 |    274 |   4249 |   5 | 1045.6 |
               +--------+--------+--------+--------+--------+-----+--------+

Top non-repeatable levels by time:
     D:3: 1615 daAuts
     D:2: 1604 daAuts
     D:4: 1477 daAuts
     D:1: 517 daAuts
     D:5: 13 daAuts
